 Dungeon Crawl Stone Soup version 0.31-a0-1164-geb876a39b7 (webtiles) character file.

Game seed: 4957043896759961249

1796547 MackTheKnife the Transcendent (level 24, 204/204 (218) HPs)
             Began as a Demonspawn Warper on Dec 9, 2023.
             Was a High Priest of Ru.
             Escaped with the Orb
             ... and 3 runes!
             The game lasted 01:24:55 (55921 turns).

MackTheKnife the Transcendent (Demonspawn Warper)  Turns: 55921, Time: 01:24:56

HP:   204/204 (218) AC: 23    Str: 27    XL:     24   Next: 41%
MP:   37/37         EV: 24    Int: 20    God:    Ru [*****.]
Gold: 5288          SH: 19    Dex: 24    Spells: 12/39 levels left

rFire   + + +        J - +10 war axe of Wyrd {flame, MP-9 Str+9 Dex+3, axe}
rCold   + + .        x - +3 kite shield {AC+3}
rNeg    + . .        L - +3 ring mail of Truth {Will+ Regen+ Stlth+}
rPois   +            M - +2 hat {Int+3}
rElec   +            c - scarf {rC+ rF+}
rCorr   .            s - +2 pair of gloves {Str+3}
SInv    .            (boots unavailable)
Will    +++..        g - amulet of the Cursing Gods {Faith rElec rN+ MP+9} Stlth
                     P - ring of Osuclel {Drain rPois rF+ rC+ Dex+3}
HPRegen 1.34/turn    N - ring of willpower
MPRegen 0.25/turn

%: faith
@: hasted, studying Transmutations, drained, very quick
A: hooves 3, rugged brown scales 3, powered by pain 2, spiny 3, no stealth,
inability to use devices, hated by all, cowardly, corrupting presence 2, fire
resistance 1, mutation resistance 1
0: Orb of Zot
}: 3/15 runes: serpentine, barnacled, silver
a: Renounce Religion, Draw Out Power, Power Leap, Apocalypse


You escaped.
You worshipped Ru.
Ru was extremely pleased with you.
You visited 10 branches of the dungeon, and saw 48 of its levels.
You visited 1 bazaar.
You also visited: Trove and Ossuary.

You collected 7569 gold pieces.
You spent 2281 gold pieces at shops.


Innate Abilities, Weirdness & Mutations

You have hooves in place of feet.
You are completely covered in rugged brown scales. (AC +3, +7% HP)
You sometimes gain power by taking damage.
You are completely covered in sharp spines.
You cannot be stealthy.
You cannot study or use magical devices.
You are hated by all.
Your cowardice makes you less effective in combat with threatening foes.
Your presence sometimes corrodes or deforms those you injure.
Your flesh is heat resistant. (rF+)
You are somewhat resistant to further mutation.


   Skills:
 - Level 20.0 Fighting
 - Level 17.3(17.4) Axes
 - Level 2.4(11.6) Polearms
 - Level 0.8 Throwing
 + Level 16.3 Armour
 - Level 16.0 Dodging
 - Level 16.0 Shields
 - Level 8.0 Spellcasting
 - Level 10.0 Conjurations
 - Level 2.6 Translocations
 - Level 10.0 Transmutations
 - Level 9.0 Ice Magic
 - Level 9.0 Air Magic
 - Level 20.1 Invocations


You had 12 spell levels left.
You knew the following spells:

 Your Spells              Type           Power      Damage    Failure   Level
a - Blink                 Tloc           36%        N/A       8%          2
b - Frozen Ramparts       Ice            88%        1d14      1%          3
c - Hailstorm             Conj/Ice       46%        3d10      1%          3
d - Freezing Cloud        Conj/Ice/Air   22%        6-21      10%         5
e - Mephitic Cloud        Conj/Pois/Air  33%        N/A       3%          3
f - Vhi's Electric Charg  Tloc/Air       62%        N/A       14%         4
g - Irradiate             Conj/Tmut      24%        3d19      7%          5
h - Wereblood             Tmut           48%        N/A       1%          2

Your spell library contained the following spells:

 Spells                   Type           Power      Damage    Failure   Level
 Foxfire                  Conj/Fire      100%       2x1d9     1%          1
 Freeze                   Ice            100%       1d10      1%          1
 Sting                    Tmut/Pois      100%       1d8       1%          1
 Momentum Strike          Conj/Tloc      66%        3d9       1%          2
 Static Discharge         Conj/Air       92%        3-7/arc   1%          2
 Swiftness                Air            44%        N/A       1%          3
 Ensorcelled Hibernation  Hex/Ice        52%        N/A       3%          2
 Passwall                 Tmut/Erth      23%        N/A       3%          2
 Poisonous Vapours        Pois/Air       52%        N/A       3%          2
 Airstrike                Air            22%        2d(4-20)  3%          4
 Apportation              Tloc           36%        N/A       4%          1
 Dazzling Flash           Conj/Hex       56%        N/A       6%          3
 Stone Arrow              Conj/Erth      56%        3d10      6%          3
 Cigotuvi's Dreadful Rot  Necr/Pois/Air  40%        N/A       7%          2
 Iskenderun's Battlesphe  Conj           48%        2d10      7%          5
 Lesser Beckoning         Tloc           36%        N/A       8%          2
 Arcjolt                  Conj/Air       23%        1d33      9%          5
 Iskenderun's Mystic Bla  Conj/Tloc      33%        2d8       11%         4
 Sandblast                Erth           16%        2d6       16%         1
 Gell's Gravitas          Tloc           18%        N/A       16%         3
 Teleport Other           Tloc           18%        N/A       16%         3
 Brom's Barrelling Bould  Conj/Erth      28%        2d5       19%         4
 Flame Wave               Conj/Fire      28%        2d9       19%         4
 Fulminant Prism          Conj/Hex       14%        3d8       19%         4
 Petrify                  Tmut/Erth      28%        N/A       19%         4
 Scorch                   Fire           16%        2d5       22%         2
 Sublimation of Blood     Necr           8%         N/A       22%         2
 Volatile Blastmotes      Fire/Tloc      26%        2d12      26%         3
 Inner Flame              Hex/Fire       8%         N/A       41%         3
 Conjure Ball Lightning   Conj/Air       23%        3x3d6     43%         6
 Manifold Assault         Tloc           18%        N/A       45%         4
 Passage of Golubria      Tloc           18%        N/A       45%         4
 Fireball                 Conj/Fire      14%        3d8       47%         5
 Yara's Violent Unravell  Hex/Tmut       14%        3d7       47%         5
 Metabolic Englaciation   Hex/Ice        13%        N/A       54%         5
 Anguish                  Hex/Necr       4%         N/A       83%         4
 Dispel Undead            Necr           8%         3d8       83%         4
 Olgreb's Toxic Radiance  Pois           8%         N/A       83%         4
 Orb of Destruction       Conj           24%        9d9       91%         7
 Bombard                  Conj/Erth      14%        9d3       96%         6
 Eringya's Noxious Bog    Tmut/Pois      14%        4d6       96%         6
 Starburst                Conj/Fire      14%        6d6       96%         6
 Lee's Rapid Deconstruct  Erth           4%         3d5*      99%         5
 Dispersal                Tloc           9%         N/A       100%        6
 Enfeeble                 Hex            4%         N/A       100%        7
 Maxwell's Capacitive Co  Air            22%        ∞         100%        8
 Summon Small Mammal      Summ           Unusable   N/A       N/A         1
 Summon Ice Beast         Ice/Summ       Unusable   N/A       N/A         4
 Summon Lightning Spire   Summ/Air       Unusable   N/A       N/A         4
 Call Canine Familiar     Summ           Unusable   N/A       N/A         3
 Summon Guardian Golem    Hex/Summ       Unusable   N/A       N/A         3
 Tukima's Dance           Hex            Unusable   N/A       N/A         3
 Animate Armour           Summ/Erth      Unusable   N/A       N/A         4
 Animate Dead             Necr           Unusable   N/A       N/A         4
 Simulacrum               Ice/Necr       Unusable   N/A       N/A         6
 Summon Mana Viper        Hex/Summ       Unusable   N/A       N/A         5
 Death Channel            Necr           Unusable   N/A       N/A         6
 Summon Cactus Giant      Summ           Unusable   N/A       N/A         6
 Haunt                    Necr/Summ      Unusable   N/A       N/A         7
 Monstrous Menagerie      Summ           Unusable   N/A       N/A         7
 Spellforged Servitor     Conj/Summ      Unusable   N/A       N/A         7

Inventory:

Hand Weapons
 J - the +10 war axe of Wyrd (weapon) {flame, MP-9 Str+9 Dex+3, axe}
   (You found it on level 10 of the Dungeon)

   Str+9:     It affects your strength (+9).
   Dex+3:     It affects your dexterity (+3).
   MP-9:      It affects your magic capacity (-9).
Armour
 c - a scarf of resistance (worn)
   (You found it on level 3 of the Lair of Beasts)
 n - the +0 pair of gloves of Gluttony {rF+ Dex+3}
   (You found it on level 4 of the Depths)

   Dex+3:     It affects your dexterity (+3).
   rF+:       It protects you from fire.
 s - a +2 pair of gloves of strength (worn)
   (You found it on level 1 of the Snake Pit)
 x - a +3 kite shield of protection (worn)
   (You found it on level 2 of the Snake Pit)
 L - the +3 ring mail of Truth (worn) {Will+ Regen+ Stlth+}
   (You found it on level 4 of the Lair of Beasts)

   Will+:     It increases your willpower.
   Regen+:    It increases your rate of health regeneration.
   Stlth+:    It makes you more stealthy.
 M - a +2 hat of intelligence (worn)
   (You took it off Gastronok on level 10 of the Dungeon)
Jewellery
 g - the amulet of the Cursing Gods (around neck) {Faith rElec rN+ MP+9}
   (You found it in a treasure trove)

   [amulet of faith]

   Faith:     It allows you to gain divine favour quickly.
   rElec:     It insulates you from electricity.
   rN+:       It protects you from negative energy.
   MP+9:      It affects your magic capacity (+9).
 p - the ring of Kicog {rF++ rC+ Int-3 Dex+6 Stlth+}
   (You took it off an orc knight on level 5 of the Vaults)

   [ring of dexterity]

   Int-3:     It affects your intelligence (-3).
   Dex+6:     It affects your dexterity (+6).
   rF++:      It greatly protects you from fire.
   rC+:       It protects you from cold.
   Stlth+:    It makes you more stealthy.
 A - a ring of flight
   (You found it on level 3 of the Snake Pit)
 E - the ring of Rirheupt {rC+ Dex+3}
   (You took it off a deep elf knight on level 3 of the Elven Halls)

   [ring of protection from cold]

   Dex+3:     It affects your dexterity (+3).
   rC+:       It protects you from cold.
 G - a +5 ring of evasion
   (You took it off a deep elf blademaster on level 3 of the Elven Halls)
 H - a ring of see invisible
   (You took it off a deep elf demonologist on level 5 of the Vaults)
 K - a ring of positive energy
   (You took it off a tengu warrior on level 3 of the Depths)
 N - a ring of willpower (right hand)
   (You found it on level 13 of the Dungeon)
 O - a ring of resist corrosion
   (You found it on level 14 of the Dungeon)
 P - the ring of Osuclel (left hand) {Drain rPois rF+ rC+ Dex+3}
   (You found it on level 4 of the Shoals)

   [ring of poison resistance]

   Dex+3:     It affects your dexterity (+3).
   rF+:       It protects you from fire.
   rC+:       It protects you from cold.
   rPois:     It protects you from poison Drain: It drains your maximum health
   when unequipped.
 Q - the amulet of Penwax {Faith rPois rC+}
   (You took it off a fire giant on level 5 of the Vaults)

   [amulet of faith]

   Faith:     It allows you to gain divine favour quickly.
   rC+:       It protects you from cold.
   rPois:     It protects you from poison
Scrolls
 d - 2 scrolls of immolation {!r!r}
 e - 16 scrolls of vulnerability {!r!r}
 f - 3 scrolls of fog
 i - 13 scrolls of teleportation {@r4}
 k - 7 scrolls of poison
 m - 8 scrolls of amnesia
 u - 8 scrolls of enchant weapon
 y - 4 scrolls of revelation
 B - 3 scrolls of silence {!r}
 D - a scroll of blinking {!r}
 F - 13 scrolls of fear
 I - 6 scrolls of brand weapon
Potions
 a - a potion of haste {@q3}
 b - 4 potions of enlightenment
 h - 2 potions of berserk rage {!q}
 j - 5 potions of might
 o - 7 potions of brilliance
 q - 2 potions of heal wounds {@q2}
 r - 5 potions of magic
 t - 9 potions of mutation {!q}
 v - 18 potions of curing {@q1}
 w - a potion of resistance
 z - 6 potions of invisibility
 C - 2 potions of ambrosia

Dungeon Overview and Level Annotations

Branches:
Dungeon (15/15)            Temple (1/1) D:4            Lair (5/5) D:11
 Shoals (4/4) Lair:2        Snake (4/4) Lair:2        Slime (0/5) Lair:5
    Orc (2/2) D:12            Elf (3/3) Orc:2        Vaults (5/5) D:13
  Crypt (0/3) Vaults:2     Depths (4/4) D:15            Zot (5/5) Depths:4
Ossuary (visited)

Altars:
Ashenzari
Cheibriados
Dithmenos
Gozag
Kikubaaqudgha
Makhleb
Nemelex Xobeh
Okawaru
Qazlal
Ru
Sif Muna
Trog
Uskayaw
Vehumet
Wu Jian
Xom

Shops:
D:1 [   D:7 ?   D:10 [((   D:14 *   Orc:2 :([*   Elf:2 ?[   Shoals:1 *
Depths:1 :=:   Depths:4 **

Portals:
Hell: Depths:1 Depths:2 Depths:3 Depths:4
Abyss: D:10 Depths:1 Depths:2 Depths:3 Depths:4
Pandemonium: Depths:1 Depths:2 Depths:4
Ziggurat: Depths:4

Annotations:
D:9 1 runed translucent door
D:10 2 transporters, JaaP's ghost, journeyman DjAr
Lair:3 exclusion: oklob plant
Snake:2 1 runed translucent door, crawlacc's ghost, journeyman MiFi
Elf:2 3 runed translucent doors

#.......1..[.####+#######
#............####.#......
#...#######..............
#...#######1.####.#......
###..........####'#######
#.########.##........#
#.#......#§##........#
#.#.####.#§##.)......#
#.#.#.@#.#§##........#
#.#....#.#§##........#
#.######.#§##........#
##........#§##........#
#..######.1§##........#
#..######...§.........#
#...........###########
##########..# ##########
#..# #.........


There were no monsters in sight!


Message History

😕 HP[-9]
You take 9 damage, and now have 189/198 hp.
You slash the Orb Guardian!
The Orb Guardian twists and deforms.
You burn the Orb Guardian. Your kick misses the Orb Guardian.
The Orb Guardian is stunned by your conviction and fails to attack. 😕 HP[+1]
You slice the Orb Guardian!! You burn the Orb Guardian.
You kill the Orb Guardian! 😕 HP[+1]
You now have 201 max hp (+3).
No target in view!
What level of the Dungeon? (default 1, ? - help)
You feel a twist of horror at the sight of this foe.
A balrug and a demonspawn blood saint come into view. 😎 HP[+10]
Your hp is fully restored (201).
The balrug moves out of view.
The demonspawn blood saint calls on the powers of chaos!
There is a stone staircase leading up here.
You climb upwards.
There is a stone staircase leading down, spattered with blood here.
You see here a +0 club {mace}.
What level of the Dungeon? (default 1, ? - help)
Things that are here:
a +0 dagger {short}; 7 stones {throwing}; a +0 dagger {short} You see here the +6 rapier of Duty {holy, rElec rF+ Int+4, short}.
There is a stone staircase leading up here.
You climb upwards.
There is a stone staircase leading down here.
You see here a +0 club {mace}.
Things that are here:
a +0 club {mace}; a +0 spear {polearm} You see here a +0 whip {mace}.
There is a stone staircase leading up here.
You climb upwards.
There is a stone staircase leading down here.
There is a stone staircase leading up here.
You climb upwards.
There is a stone staircase leading down here.
An Orb Guardian comes into view.
Unknown command.
Unknown command.
There is an open door here.
There is an escape hatch in the ceiling here.
You block the Orb Guardian's attack. x2
A mysterious force pulls you upwards. The hatch slams shut behind you.
You slash the Orb Guardian! You burn the Orb Guardian.
Your kick misses the Orb Guardian. The Orb Guardian misses you.
You hit the Orb Guardian. You burn the Orb Guardian. You kick the Orb Guardian!
The Orb Guardian is struck by your spines.
Your corrupting presence corrodes the Orb Guardian!
The Orb Guardian completely misses you.
You slice the Orb Guardian!! You burn the Orb Guardian.
The Orb Guardian twists and deforms.
The Orb Guardian is struck by your spines.
The Orb Guardian closely misses you.
You slash the Orb Guardian! You burn the Orb Guardian.
You kill the Orb Guardian!
You now have 204 max hp (+3).
No target in view! 😕 HP[+2]
You regained 2 hp, and now have 203/204 hp.
Things that are here:
a +0 club {mace}; a +0 dagger {short}; a +0 short sword {short} 😎 HP[+1]
Your hp is fully restored (204).
Items here: )) [[.
There is a stone staircase leading up here.
You climb upwards.
There is a stone staircase leading down here.
What level of the Dungeon? (default 1, ? - help)
There is a stone staircase leading down here.
Things that are here:
a +0 scale mail; a +0 club {mace}
There is a stone staircase leading up, spattered with blood here.
You climb upwards.
There is a stone staircase leading down here.
You see here a +0 flail {mace}.
A demonspawn blood saint comes into view.
It is wielding a +0 dagger.
The demonspawn blood saint begins to pray, but is stunned by your conviction!
You feel a twist of horror at the sight of this foe.
A demonspawn black sun comes into view.
It is wielding a +0 glaive and wearing a +1 scale mail of fire resistance.
You redirect the demonspawn black sun's attack!
There is a stone staircase leading up here.
You can't go up here!
A balrug comes into view.
It is wielding a +1 demon whip of draining.
The balrug shouts!
The demonspawn black sun begins to pray, but is stunned by your conviction!
You feel a twist of horror at the sight of this foe.
There is a stone staircase leading up here.
You climb upwards.
There is a stone staircase leading down here.
What level of the Dungeon? (default 1, ? - help) You're already here!
An Ice Fiend comes into view.
The Ice Fiend moves out of view.
As you read the scroll of fog, it dissolves into smoke.
You feel yourself speed up.
There is a staircase leading out of the dungeon here.
You have escaped!

Skill      XL: |  1  2  3  4  5  6  7  8  9 10 11 12 13 14 15 16 17 18 19 20 21 22 23 24 |
---------------+-------------------------------------------------------------------------+-----
Polearms       | 2 |  2.4
Fighting       | 3 4 5 6 8 9 10 14 16 18 20 | 20.0
Evocations     | 1 3 0 |  0.0
Dodging        | 2 7 8 10 15 16 | 16.0
Spellcasting   | 4 6 8 |  8.0
Ice Magic      | 6 8 9 |  9.0
Conjurations   | 2 6 9 10 | 10.0
Axes           | 1 9 13 16 17 | 17.3
Shields        | 1 6 11 13 15 16 | 16.0
Armour         | 7 8 10 12 16 | 16.3
Air Magic      | 5 9 |  9.0
Transmutations | 4 10 | 10.0
Invocations    | 10 20 | 20.1
Throwing       | |  0.8
Translocations | |  2.6

Action                     |  1- 3 |  4- 6 |  7- 9 | 10-12 | 13-15 | 16-18 | 19-21 | 22-24 || total
---------------------------+-------+-------+-------+-------+-------+-------+-------+-------++-------
  Melee: Spear             |    83 |       |       |       |       |       |       |       ||    83
         Dagger            |    53 |   194 |   506 |   246 |       |       |       |       ||   999
         Kick              |    19 |    51 |   188 |   140 |   235 |   382 |   603 |   546 ||  2164
         Punch             |     1 |     4 |     6 |     7 |       |       |       |       ||    18
         War axe           |       |       |       |   179 |   714 |   917 |  1244 |  1056 ||  4110
  Throw: Dart              |       |       |    17 |       |       |       |       |       ||    17
   Cast: Frozen Ramparts   |       |       |       |     1 |       |       |       |       ||     1
         Freezing Cloud    |       |       |       |       |       |    68 |    36 |    24 ||   128
         Wereblood         |       |       |       |       |       |     1 |    21 |    13 ||    35
         Hailstorm         |       |       |       |       |       |     1 |       |       ||     1
         Irradiate         |       |       |       |       |       |       |     2 |     8 ||    10
 Invoke: Sacrifice Artific |       |       |     1 |       |       |       |       |       ||     1
         Draw Out Power    |       |       |     1 |     2 |     4 |     3 |       |     6 ||    16
         Sacrifice Courage |       |       |     1 |       |       |       |       |       ||     1
         Sacrifice Love    |       |       |       |     1 |       |       |       |       ||     1
         Sacrifice Stealth |       |       |       |     1 |       |       |       |       ||     1
         Apocalypse        |       |       |       |     3 |     6 |     6 |     6 |     6 ||    27
         Reject Sacrifices |       |       |       |     1 |     1 |     2 |     1 |       ||     5
         Power Leap        |       |       |       |       |       |       |       |     1 ||     1
  Evoke: Wand              |       |     5 |     1 |       |       |       |       |       ||     6
    Use: Scroll            |     1 |     4 |    17 |     2 |     8 |     9 |     5 |    30 ||    76
         Potion            |       |     1 |     8 |     1 |     2 |     2 |     1 |    26 ||    41
   Stab: Distracted        |       |       |     1 |     4 |     6 |    12 |     4 |     4 ||    31
         Invisible         |       |       |       |     5 |    11 |     8 |     7 |     6 ||    37
         Paralysed         |       |       |       |     1 |     5 |    15 |     8 |    12 ||    41
         Petrified         |       |       |       |       |     5 |       |       |       ||     5
 Armour: Leather armour    |    60 |   123 |   297 |       |       |       |       |       ||   480
         Steam dragon scal |       |       |     6 |   216 |    16 |       |       |       ||   238
         Skin              |       |       |       |     4 |       |       |       |       ||     4
         Ring mail         |       |       |       |       |   315 |   477 |   352 |   472 ||  1616
  Dodge: Dodged            |    91 |    93 |   338 |   291 |   318 |   413 |   364 |   468 ||  2376
  Block: Buckler           |       |       |       |    35 |   131 |   288 |       |       ||   454
         Reflection        |       |       |       |       |       |    70 |   107 |     1 ||   178
         Kite shield       |       |       |       |       |       |   242 |   892 |   691 ||  1825

Levels and vault maps discovered:
D:1:      zelgadis_glass_arrival_small, layout_basic, serial_shops, shop_statue
D:2:      layout_rooms, uniq_terence
D:3:      minmay_spotlight, layout_rooms, trog_wizard
D:4:      layout_cave_pools, nicolae_hepliaklqana_hippocampus,
          kennysheep_orc_sif_temple, minmay_temple_entry_drinking_statues,
          minivault_19, hangedman_decor_lopped, uniq_ijyb
D:5:      layout_gridville, grunt_dithmenos_shadows, kennysheep_slug_shrine,
          uniq_blork_the_orc
D:6:      layout_layer_cave, nicolae_ossuary_entry_plus, uniq_duvessa
D:7:      layout_basic, nicolae_ashenzari_panopticon, serial_shops,
          nicolae_shop_behind_doors, serial_bayou_lagoon_a, worms_lemuel
D:8:      layout_basic, okawaru_gym_becter, grunt_ministairs_5
D:9:      cheibrodos_shockbox, layout_cave_pools, xom_redecorated,
          mainiacjoe_overflow_paths, hangedman_abyss_or_decor_stabs,
          kennysheep_small_circle, uniq_harold, uniq_prince_ribbit1, uniq_psyche
D:10:     layout_basic, gammafunk_ghost_abyssal_escape,
          nicolae_shop_distant_corner_stores, uniq_gastronok, uniq_snorg
D:11:     layout_layer_cave, erik_lair_orcish_takeover, uniq_josephine,
          uniq_grum
D:12:     layout_loops_corners, kennysheep_orc_monster_closet_entryway
D:13:     minmay_octo_star, layout_cave_pools, enter_trove_6, minivault_16,
          grunt_decor_arrowhead, minmay_hedge_maze
D:14:     layout_loops_ring, nicolae_transmutations_shop, pond
D:15:     hangedman_depths_entry_civil_slaughter, layout_cave_pods,
          bh_walls_and_bars, gammafunk_ghost_icy, fedhas_altar_2
Temple:   nicolae_temple_god_jail
Lair:1:   layout_cave_pods, grunt_megastairs_5, lemuel_fruit_tree,
          serial_bayou_shore_b
Lair:2:   layout_regular_city, elwin_shoals_entry_rocks,
          nicolae_snake_entry_squirm, serial_bayou, serial_bayou_ford_a,
          serial_bayou_pond_d, serial_bayou_shore_a, serial_bayou_lagoon_b,
          serial_bayou_pond_e
Lair:3:   layout_chaotic_city, gammafunk_ghost_berserking_beasts,
          lemuel_fruit_fields
Lair:4:   layout_regular_city, amcnicky_mini_pool_medium
Lair:5:   evilmike_catoblepas_cave, layout_cave_pods, slime_entry_1,
          hellmonk_ghost_happy_afterlife, minivault_23
Shoals:1: layout_shoals, nicolae_shop_clearance
Shoals:2: layout_shoals, nicolae_shoals_lost_giant_hut
Shoals:3: layout_shoals, serial_shops, bzr_firewalk,
          nicolae_shoals_siren_and_animal_friends
Shoals:4: shoals_end_hellmonk_lost_city
Snake:1:  gammafunk_sealed_arena, layout_grid_shapes
Snake:2:  layout_honeycomb, ebering_ghost_reflecting_pool,
          nicolae_snake_salamander_fort
Snake:3:  layout_chambers, basic_altar, nicolae_coiled_stairwell_up,
          grunt_megastairs_1
Snake:4:  snake_pit_salamanders_mu, layout_onion,
          serial_library_hellmonk_big_corner, st_stairs_8,
          hangedman_corner_corridor
Orc:1:    layout_diamond_mine, basic_altar
Orc:2:    grunt_orc_cross, layout_caves
Elf:1:    minmay_elf_arrival_circle, layout_geoelf_octagon, basic_altar,
          minmay_elf_crystal_heptagon, moated_statue
Elf:2:    elven_hall_of_blades_hangedman_original
          [nicolae_blade_entry_crossed_weapons], layout_gridlike, serial_shops,
          nicolae_shop_trees, shop_fountains
Elf:3:    minmay_elf_hall, layout_geoelf_diagonals,
          nicolae_elf_blasts_and_bolts, grunt_megastairs_2, uniq_zenata
Vaults:1: hangedman_vaults_locks, nicolae_vaults_little_squares_3, v_misc_28,
          nicolae_vaults_storage_room_statues, serial_ice_b,
          nicolae_vaults_surprise_closet, ontoclasm_vaults_ring_square,
          hangedman_vaults_capsules, nicolae_vaults_tetromino_L_2,
          nicolae_vaults_more_shelving_1, nicolae_vaults_apartment_1,
          layout_vaults_big_room
Vaults:2: nicolae_vaults_storage_closets_2, nicolae_vaults_closet_pinwheel_1,
          ontoclasm_vaults_ligature, nicolae_vaults_trapezoid_lopsided_2,
          nicolae_vaults_diffraction_hallways, nicolae_vaults_ellipses_ellipsis,
          nicolae_vaults_closet_pinwheel_4, nicolae_vaults_alarming,
          nicolae_vaults_network_quinsquares
          [nicolae_vaults_network_quincunx_subvault,
          nicolae_vaults_network_quincunx_subvault,
          nicolae_vaults_network_quincunx_subvault,
          nicolae_vaults_network_quincunx_subvault],
          nicolae_vaults_shelves_hall, minmay_crypt_entry_skeletal_spiral,
          nicolae_vaults_two_Ls, layout_vaults_ring
Vaults:3: grunt_vaults_diagonal, nicolae_vaults_closet_pinwheel_3,
          hangedman_vaults_stagger, vaults_dpeg_ring,
          ontoclasm_vaults_misaligned, nicolae_vaults_yaktaur_gun_rack,
          grunt_vaults_twisty, grunt_vaults_swirl,
          nicolae_vaults_storage_room_glass, nicolae_vaults_tetromino_T_2,
          nicolae_vaults_variable_pillar_hall, layout_vaults_quadrants
Vaults:4: nicolae_vaults_weapon_check, hangedman_vaults_river_flow,
          hangedman_vaults_hat, vaults_room_stairs_pillars, vaults_room_fours,
          hangedman_vaults_pinch, ontoclasm_vaults_spin,
          vaults_room_fancy_cross, vaults_room_semicircle,
          layout_vaults_maze_snakey
Vaults:5
Depths:1: bobbens_index_wilting_gardens, layout_cave_pools, abyss_entry_crystal,
          pan_entry, minivault_11, hell_entry, chequers_serial_rivers_large_b,
          lemuel_flamethrower_3, minmay_shop_grove
Depths:2: kennysheep_demon_jail, layout_cave_shapes, abyss_entry,
          kennysheep_donut, hell_entry, grunt_pan_entry_zigzag,
          minmay_staircase_windowed_small
Depths:3: grunt_x_marks_the_spot, layout_gridlike, serial_sigils,
          serial_sigils_hangedman_gut, serial_sigils_hangedman_stare,
          serial_sigils_hangedman_scar, serial_sigils_hangedman_gnaw,
          serial_sigils_hangedman_leer, hell_entry, abyss_entry, uniq_mara,
          uniq_josephina, uniq_boris
Depths:4: evilmike_zot_entry_round, layout_cave_pools, enter_ziggurat_e,
          abyss_entry, pan_entry, dk_noncrumbling_4, pf_coc_iceberg,
          hangedman_abyss_or_decor_lesser_grid, hangedman_feature_mirror,
          hangedman_decor_peaks_small, grunt_ministairs_12,
          chequers_serial_rivers_small_a, nicolae_specific_store,
          amcnicky_mini_pool_small, uniq_jory
Zot:1:    layout_gridlike, regret_index_zotdec_ex, guppyfry_library_mini
Zot:2:    layout_gridville, regret_index_zotdec_twisting_globes, uniq_parghit
Zot:3:    nicolae_moth_party, layout_gridlike, hangedman_zot_decor_tridents,
          gammafunk_ghost_arena
Zot:4:    ebering_klown_carousel, layout_cathedral_of_symmetry
Zot:5:    layout_basic

Notes
Turn   | Place    | Note
-------+----------+-------------------------------------------
     0 | D:1      | MackTheKnife the Demonspawn Warper began the quest for the
                  | Orb.
     0 | D:1      | Reached XP level 1. HP: 16/16 MP: 3/3
     0 | D:1      | magus.rc [v1.9.6]
   175 | D:1      | Reached skill level 2 in Polearms
   269 | D:1      | Gained mutation: You have large cloven feet. [demonic
                  | ancestry]
   269 | D:1      | Reached XP level 2. HP: 23/23 MP: 5/5
   353 | D:1      | HP: 3/23 [ball python (3)]
   354 | D:1      | HP: 1/23 [ball python (2)]
   627 | D:1      | Reached skill level 3 in Fighting
   627 | D:1      | Reached XP level 3. HP: 18/29 MP: 6/6
   685 | D:1      | Found Kiuzig's Armour Shoppe.
  1024 | D:2      | Noticed Terence
  1038 | D:2      | Killed Terence
  1039 | D:2      | Reached skill level 4 in Fighting
  1039 | D:2      | Gained mutation: You are partially covered in rugged brown
                  | scales. (AC +1, +3% HP) [demonic ancestry]
  1039 | D:2      | Reached XP level 4. HP: 24/38 MP: 7/7
  1382 | D:2      | HP: 8/39 [orc/+0 club (4)]
  1556 | D:3      | Gained mutation: You have hoof-like feet. [demonic
                  | ancestry]
  1556 | D:3      | Reached XP level 5. HP: 36/44 MP: 8/8
  1565 | D:3      | Reached skill level 5 in Fighting
  1840 | D:3      | Learned a level 2 spell: Blink
  1892 | D:3      | Found a bloodstained altar of Trog.
  1893 | D:3      | Noticed an arcanist
  1898 | D:3      | Killed an arcanist
  2312 | D:4      | Reached skill level 1 in Evocations
  2607 | D:4      | HP: 8/47 [iguana (8)]
  2610 | D:4      | Gained mutation: You sometimes gain a little power by
                  | taking damage. [demonic ancestry]
  2610 | D:4      | Reached XP level 6. HP: 10/53 MP: 9/9
  2993 | D:4      | Reached skill level 6 in Fighting
  2993 | D:4      | Reached skill level 2 in Evocations
  3070 | D:4      | Found a staircase to the Ecumenical Temple.
  3080 | Temple   | Entered the Ecumenical Temple
  3093 | Temple   | Became a worshipper of Ru the Awakened
  3288 | D:4      | Noticed Ijyb
  3297 | D:4      | Killed Ijyb
  3298 | D:4      | Reached skill level 3 in Evocations
  3461 | D:4      | Found a shimmering blue altar of Sif Muna.
  3487 | D:4      | Gained mutation: You are mostly covered in rugged brown
                  | scales. (AC +2, +5% HP) [demonic ancestry]
  3487 | D:4      | Reached XP level 7. HP: 32/61 MP: 10/10
  3740 | D:4      | Found a hazy altar of Hepliaklqana.
  3779 | D:5      | Entered Level 5 of the Dungeon
  4083 | D:5      | Found a snail-covered altar of Cheibriados.
  4251 | D:5      | Reached skill level 7 in Fighting
  4251 | D:5      | Reached skill level 4 in Evocations
  4534 | D:5      | Gained mutation: You cannot study or use magical devices.
                  | [Ru sacrifice]
  4534 | D:5      | Reduced skill Evocations to level 0
  4534 | D:5      | Reached * piety under Ru
  4534 | D:5      | Reached ** piety under Ru
  4540 | D:5      | Noticed Blork the orc
  4548 | D:5      | Killed Blork the orc
  4724 | D:5      | HP: 14/64 [poisoned by a water moccasin]
  4726 | D:5      | Reached skill level 8 in Fighting
  4726 | D:5      | Reached skill level 2 in Dodging
  4726 | D:5      | Reached XP level 8. HP: 12/71 MP: 11/11
  4729 | D:5      | HP: 7/71 [poisoned by a water moccasin]
  5014 | D:5      | You fall into a shaft and drop 1 floor!
  5068 | D:6      | Reached skill level 3 in Dodging
  5108 | D:6      | Found a sand-covered staircase.
  5150 | Ossuary  | Entered an ossuary
  5205 | Ossuary  | Reached skill level 4 in Dodging
  5508 | Ossuary  | Reached skill level 5 in Dodging
  5721 | Ossuary  | Reached skill level 6 in Dodging
  6209 | D:6      | Noticed Dowan
  6209 | D:6      | Noticed Duvessa
  6225 | D:6      | HP: 14/71 [Duvessa/+0 short sword (5)]
  6226 | D:6      | Killed Duvessa
  6226 | D:6      | HP: 1/71 [Dowan/shard of ice (14)]
  6227 | D:6      | Reached skill level 7 in Dodging
  6227 | D:6      | Reached XP level 9. HP: 1/77 MP: 12/12
  6734 | D:5      | Found a shadowy altar of Dithmenos.
  7166 | D:6      | Killed Dowan
  7669 | D:6      | Reached skill level 8 in Dodging
  7729 | D:6      | Gained mutation: Your cowardice makes you less effective in
                  | combat with threatening foes. [Ru sacrifice]
  7729 | D:6      | Reached *** piety under Ru
  8856 | D:7      | Reached skill level 3 in Spellcasting
  8869 | D:7      | Reached skill level 4 in Spellcasting
  9076 | D:7      | Found Minliso's Magic Scroll Shoppe.
  9079 | D:7      | Bought a scroll of blinking for 90 gold pieces
  9079 | D:7      | Bought a scroll of blinking for 90 gold pieces
  9079 | D:7      | Bought a scroll of identify for 24 gold pieces
  9079 | D:7      | Bought a scroll of identify for 24 gold pieces
  9079 | D:7      | Bought a scroll of identify for 24 gold pieces
  9272 | D:7      | Found a broken altar of Ashenzari.
  9799 | D:8      | Reached skill level 9 in Fighting
  9829 | D:8      | Identified the +6 rapier of Duty {holy, rElec rF+ Int+4}
 10035 | D:8      | Found an iron altar of Okawaru.
 10067 | D:8      | You pick up a book of Frost and begin reading...
 10067 | D:8      | You add the spells Freeze, Frozen Ramparts and Hailstorm to
                  | your library.
 10072 | D:8      | Learned a level 3 spell: Frozen Ramparts
 10139 | D:8      | Gained mutation: You are partially covered in sharp spines.
                  | [demonic ancestry]
 10139 | D:8      | Reached XP level 10. HP: 82/88 MP: 16/16
 10519 | D:9      | Noticed Psyche
 10523 | D:9      | Killed Psyche
 10524 | D:9      | Reached skill level 1 in Ice Magic
 10543 | D:8      | Reached skill level 10 in Fighting
 10543 | D:8      | Reached skill level 2 in Ice Magic
 10725 | D:9      | Found a runed translucent door.
 10725 | D:9      | Noticed a sixfirhy
 10763 | D:8      | Reached skill level 3 in Ice Magic
 10867 | D:9      | Reached skill level 4 in Ice Magic
 11054 | D:9      | Gained mutation: You are hated by all. [Ru sacrifice]
 11054 | D:9      | Reached **** piety under Ru
 11106 | D:9      | Paralysed by a hornet for 2 turns
 11112 | D:9      | Reached skill level 5 in Ice Magic
 11297 | D:9      | Noticed Prince Ribbit
 11307 | D:9      | Killed Prince Ribbit
 11558 | D:9      | Found a shimmering altar of Xom.
 11572 | D:9      | Found an opulent altar of Gozag.
 11580 | D:9      | Reached skill level 6 in Ice Magic
 11594 | D:9      | Learned a level 3 spell: Hailstorm
 11853 | D:9      | Reached skill level 1 in Conjurations
 12162 | D:9      | Noticed Harold
 12187 | D:9      | Killed Harold
 12188 | D:9      | Reached skill level 2 in Conjurations
 12329 | D:9      | Found a shimmering altar of Xom.
 12329 | D:9      | Found a shimmering altar of Xom.
 12332 | D:9      | Found a shimmering altar of Xom.
 12389 | D:10     | Entered Level 10 of the Dungeon
 12418 | D:10     | Found a transporter.
 12431 | D:10     | Identified the +10 war axe of Wyrd {flame, MP-9 Str+9
                  | Dex+3}
 12431 | D:10     | Noticed a rakshasa
 12526 | D:10     | Found Iroplaty's Weapon Shop.
 12528 | D:10     | Found Ynaant's Antique Armour Shop.
 12528 | D:10     | Found Qebeinna's Weapon Shop.
 12537 | D:10     | Reached skill level 1 in Axes
 12550 | D:10     | Reached XP level 11. HP: 80/94 MP: 18/18
 12573 | D:10     | Bought a glowing helmet for 195 gold pieces
 12639 | D:10     | Reached skill level 2 in Axes
 12756 | D:10     | Found a transporter.
 12756 | D:10     | Noticed a glowing orange brain
 12768 | D:10     | Noticed an entropy weaver
 12768 | D:10     | Noticed an arcanist
 12769 | D:10     | Noticed JaaP's ghost (journeyman DjAr)
 12769 | D:10     | Found a one-way gate to the infinite horrors of the Abyss.
 12779 | D:10     | You pick up a book of Vapours and begin reading...
 12779 | D:10     | You add the spells Poisonous Vapours, Mephitic Cloud and
                  | Freezing Cloud to your library.
 12798 | D:10     | Noticed Snorg
 12808 | D:10     | Killed Snorg
 12809 | D:10     | Reached skill level 3 in Axes
 12877 | D:10     | Noticed Gastronok
 12904 | D:10     | Killed Gastronok
 12905 | D:10     | Reached skill level 5 in Axes
 13326 | D:11     | Noticed Josephine
 13394 | D:10     | Killed Josephine
 13395 | D:10     | Reached skill level 6 in Axes
 13816 | D:11     | Reached skill level 7 in Axes
 14087 | D:11     | Noticed Grum
 14108 | D:10     | Killed Grum
 14250 | D:11     | Found a staircase to the Lair.
 14345 | D:11     | Reached skill level 8 in Axes
 14351 | D:11     | Gained mutation: You cannot be stealthy. [Ru sacrifice]
 14351 | D:11     | Reached ***** piety under Ru
 14808 | Lair:1   | Entered Level 1 of the Lair of Beasts
 15102 | Lair:1   | Reached skill level 9 in Axes
 15722 | Lair:1   | You pick up a book of Sloth and begin reading...
 15722 | Lair:1   | You add the spells Petrify and Metabolic Englaciation to
                  | your library.
 16029 | Lair:2   | Reached XP level 12. HP: 101/101 MP: 10/19
 16207 | Lair:2   | Reached skill level 10 in Axes
 16305 | Lair:2   | Found a staircase to the Shoals.
 16446 | Lair:2   | You pick up a book of the Spheres and begin reading...
 16446 | Lair:2   | You add the spells Brom's Barrelling Boulder, Iskenderun's
                  | Battlesphere, Fireball, Conjure Ball Lightning and Orb of
                  | Destruction to your library.
 16662 | Lair:2   | Found a staircase to the Snake Pit.
 16667 | Lair:2   | Reached skill level 11 in Axes
 17236 | Lair:3   | Found a transporter.
 17337 | Lair:3   | Reached skill level 12 in Axes
 17456 | Lair:3   | Reached skill level 13 in Axes
 17744 | Lair:3   | Found a transporter.
 17748 | Lair:3   | Noticed Tutoepidd's ghost (journeyman DrFE)
 17748 | Lair:3   | Noticed an eight-headed hydra
 17750 | Lair:3   | Noticed a death yak
 17750 | Lair:3   | Noticed a six-headed hydra
 17817 | Lair:3   | Killed a death yak
 17817 | Lair:3   | Killed a six-headed hydra
 17818 | Lair:3   | Gained mutation: You are mostly covered in sharp spines.
                  | [demonic ancestry]
 17818 | Lair:3   | Reached XP level 13. HP: 72/108 MP: 2/20
 17825 | Lair:3   | Killed Tutoepidd's ghost
 17827 | Lair:3   | Identified the +0 helmet "Ofuush" {+Inv rF- rC+}
 18610 | Lair:4   | Identified the +3 ring mail of Truth {Will+ Regen+ Stlth+}
 18739 | Lair:4   | Reached skill level 11 in Fighting
 18741 | Lair:4   | You pick up a book of Misfortune and begin reading...
 18741 | Lair:4   | You add the spells Inner Flame, Yara's Violent Unravelling
                  | and Enfeeble to your library.
 19353 | Lair:5   | Entered Level 5 of the Lair of Beasts
 19446 | Lair:5   | Reached skill level 12 in Fighting
 19479 | Lair:5   | Found a runed translucent door.
 19479 | Lair:5   | Noticed cheburek's ghost (journeyman KoEn)
 19578 | Lair:5   | Found a staircase to the Slime Pits.
 19597 | Lair:5   | Reached skill level 13 in Fighting
 19805 | Lair:5   | Killed cheburek's ghost
 19986 | Lair:5   | Reached skill level 14 in Fighting
 19993 | Lair:5   | Reached skill level 1 in Shields
 19994 | Lair:5   | Gained mutation: You have hooves in place of feet. [demonic
                  | ancestry]
 19994 | Lair:5   | Reached XP level 14. HP: 89/126 MP: 12/21
 20082 | Lair:5   | Reached skill level 2 in Shields
 20090 | Lair:5   | Reached skill level 3 in Shields
 20099 | Lair:5   | Reached skill level 4 in Shields
 20804 | D:12     | Found a staircase to the Orcish Mines.
 20953 | D:12     | Reached skill level 5 in Shields
 21116 | D:12     | You pick up a book of Alchemy and begin reading...
 21116 | D:12     | You add the spells Sublimation of Blood and Irradiate to
                  | your library.
 21539 | D:12     | You pick up a book of Iron and begin reading...
 21634 | Orc:1    | Entered Level 1 of the Orcish Mines
 21898 | Orc:1    | magus.rc [v1.9.6]
 21938 | Orc:2    | Entered Level 2 of the Orcish Mines
 21958 | Orc:2    | Reached skill level 6 in Shields
 21969 | Orc:2    | Reached skill level 1 in Armour
 21995 | Orc:2    | Noticed Saint Roka
 22051 | Orc:2    | Reached skill level 2 in Armour
 22055 | Orc:2    | Found Xateu's Book Emporium.
 22065 | Orc:2    | HP: 26/114 [Saint Roka/divine providence (15)]
 22165 | Orc:2    | Killed Saint Roka
 22166 | Orc:2    | Reached skill level 3 in Armour
 22166 | Orc:2    | Reached skill level 9 in Dodging
 22410 | Orc:2    | Found Miufof's Antique Weapon Emporium.
 22436 | Orc:2    | Found Ihuh's General Store.
 22443 | Orc:2    | Bought a scroll of blinking for 97 gold pieces
 22443 | Orc:2    | Bought a scroll of teleportation for 39 gold pieces
 22449 | Orc:2    | Found a staircase to the Elven Halls.
 22493 | Orc:2    | Found Giypn's Antique Armour Emporium.
 22499 | Orc:2    | Bought a runed buckler for 262 gold pieces
 22909 | Orc:1    | Reached skill level 4 in Armour
 23181 | D:13     | Found a portal to a secret trove of treasure.
 23309 | D:13     | Identified the +3 whip "Lenuvir" {freeze, rF- Str+8 Int+3}
 23480 | D:13     | Reached skill level 5 in Armour
 23576 | D:13     | Noticed a tengu reaver
 23581 | D:13     | Reached skill level 10 in Dodging
 23613 | D:13     | Killed a tengu reaver
 23614 | D:13     | Reached skill level 6 in Armour
 23713 | D:13     | Noticed a tengu reaver
 23723 | D:13     | Killed a tengu reaver
 23884 | D:13     | Found a gate to the Vaults.
 24132 | D:14     | Reached skill level 7 in Armour
 24196 | D:14     | Reached XP level 15. HP: 120/127 MP: 13/22
 24576 | D:14     | Found Kalifun's Changing Room.
 24602 | D:14     | Reached skill level 8 in Armour
 24617 | D:14     | Learned a level 5 spell: Freezing Cloud
 24645 | D:14     | Reached skill level 5 in Spellcasting
 24654 | D:14     | Reached skill level 3 in Conjurations
 24719 | D:14     | Reached skill level 1 in Air Magic
 24929 | D:15     | Entered Level 15 of the Dungeon
 24956 | D:15     | Reached skill level 7 in Ice Magic
 25001 | D:15     | Identified the +0 ring mail of Kyahic {rC+ Regen+ MP-9}
 25020 | D:15     | Noticed Kusiby's ghost (journeyman GrEE)
 25023 | D:15     | You pick up a book of Decay and begin reading...
 25023 | D:15     | You add the spells Cigotuvi's Dreadful Rot and Dispel
                  | Undead to your library.
 25050 | D:15     | You pick up a book of Scorching and begin reading...
 25050 | D:15     | You add the spells Scorch and Flame Wave to your library.
 25066 | D:15     | Found a staircase to the Depths.
 25074 | D:15     | Reached skill level 2 in Air Magic
 25201 | D:15     | Found a runed translucent gate.
 25201 | D:15     | Found a runed translucent gate.
 25201 | D:15     | Found a runed translucent gate.
 25209 | D:15     | Reached skill level 4 in Conjurations
 25305 | D:15     | HP: 29/132 [mirror damage (7)]
 25715 | D:15     | Reached skill level 6 in Spellcasting
 25715 | D:15     | Reached skill level 3 in Air Magic
 25867 | D:15     | Reached skill level 5 in Conjurations
 26277 | D:15     | Killed Kusiby's ghost
 26440 | Lair:1   | magus.rc [v1.9.6]
 26524 | Snake:1  | Entered Level 1 of the Snake Pit
 26531 | Snake:1  | Reached skill level 8 in Ice Magic
 26531 | Snake:1  | Reached skill level 4 in Air Magic
 26713 | Snake:1  | Found a transporter.
 26716 | Snake:1  | Noticed a nagaraja
 26719 | Snake:1  | Noticed a nagaraja
 26751 | Snake:1  | Found a transporter.
 26792 | Snake:1  | Reached skill level 6 in Conjurations
 26906 | Snake:1  | Reached skill level 5 in Air Magic
 27225 | Snake:1  | Gained mutation: You sometimes gain power by taking damage.
                  | [demonic ancestry]
 27225 | Snake:1  | Reached XP level 16. HP: 116/130 MP: 16/25
 27686 | Snake:1  | Reached skill level 7 in Conjurations
 27689 | Snake:1  | Reached skill level 9 in Ice Magic
 27698 | Snake:1  | Reached skill level 6 in Air Magic
 27746 | Snake:1  | Identified the amulet "Kuxt" {Reflect Dex+3 SH+5}
 28127 | Snake:2  | Reached skill level 8 in Conjurations
 28324 | Snake:2  | Reached skill level 7 in Air Magic
 28410 | Snake:2  | Reached skill level 9 in Conjurations
 28471 | Snake:2  | Reached skill level 8 in Air Magic
 28669 | Snake:2  | Found a runed translucent door.
 28670 | Snake:2  | Noticed crawlacc's ghost (journeyman MiFi)
 28679 | Snake:2  | Identified the maw talisman of Nihilism {rF+ rN+ Dex+2}
 29321 | Snake:2  | magus.rc [v1.9.6]
 29446 | Snake:3  | Reached skill level 7 in Spellcasting
 29634 | Snake:3  | Found a shimmering blue altar of Sif Muna.
 29653 | Snake:3  | Reached skill level 9 in Air Magic
 30246 | Snake:3  | Reached skill level 8 in Spellcasting
 30828 | Snake:4  | Entered Level 4 of the Snake Pit
 30909 | Snake:4  | Gained mutation: Your presence sometimes corrodes those you
                  | injure. [demonic ancestry]
 30909 | Snake:4  | Reached XP level 17. HP: 120/145 MP: 20/29
 31051 | Snake:4  | You pick up a book of the Tundra and begin reading...
 31056 | Snake:4  | Learned a level 3 spell: Mephitic Cloud
 31061 | Snake:4  | Learned a level 4 spell: Vhi's Electric Charge
 31092 | Snake:4  | Reached skill level 7 in Shields
 31940 | Snake:4  | Identified the +2 ring mail of Hairiness {+Inv rC+ Str+3}
 31983 | Snake:4  | Reached skill level 15 in Fighting
 31983 | Snake:4  | Reached skill level 8 in Shields
 32267 | Snake:4  | Reached skill level 9 in Shields
 32816 | Snake:4  | Reached skill level 16 in Fighting
 32856 | Snake:4  | Got a serpentine rune of Zot
 33149 | Shoals:1 | Entered Level 1 of the Shoals
 33214 | Shoals:1 | Reached skill level 10 in Shields
 33364 | Shoals:1 | magus.rc [v1.9.6]
 33390 | Shoals:1 | Found Tehatott's CLEARANCE SALE!.
 34122 | Shoals:2 | Reached skill level 11 in Shields
 34141 | Shoals:2 | Reached XP level 18. HP: 148/158 MP: 0/30
 34544 | Shoals:2 | You pick up a book of Beasts and begin reading...
 34711 | Shoals:2 | Reached skill level 12 in Shields
 35319 | Shoals:3 | Found a flickering gateway to a bazaar.
 35328 | Bazaar   | Entered a bazaar
 35328 | Bazaar   | Found Esty's Book Shop.
 35328 | Bazaar   | Found Xeckutz's Distillery.
 35328 | Bazaar   | Found Hoasal's Antique Weapon Shop.
 35328 | Bazaar   | Found Xosezxoc's Book Shoppe.
 35330 | Bazaar   | Found Fuuhidd's Antique Armour Shoppe.
 35339 | Bazaar   | Bought a spiked helmet for 180 gold pieces
 35339 | Bazaar   | Identified the +1 helmet of Farfalle {-Cast Fly rC+++
                  | Str-5} (You bought it in a shop in a bazaar)
 35376 | Bazaar   | Bought 2 potions of might for 56 gold pieces
 35376 | Bazaar   | Bought a potion of curing for 21 gold pieces
 35376 | Bazaar   | Bought a potion of enlightenment for 35 gold pieces
 35379 | Bazaar   | Bought a manual of Axes for 640 gold pieces
 35394 | Bazaar   | Learned a level 5 spell: Irradiate
 35445 | Shoals:3 | Reached skill level 14 in Axes
 36303 | Shoals:4 | Entered Level 4 of the Shoals
 36632 | Shoals:4 | Paralysed by a formless jellyfish for 1 turns
 36703 | Shoals:4 | Reached skill level 15 in Axes
 36703 | Shoals:4 | Reached skill level 13 in Shields
 37092 | Shoals:4 | You pick up a book of Changes and begin reading...
 37107 | Shoals:4 | Learned a level 2 spell: Wereblood
 37142 | Shoals:4 | Reached skill level 1 in Transmutations
 37384 | Shoals:4 | Reached skill level 2 in Transmutations
 37435 | Shoals:4 | Reached skill level 16 in Axes
 37447 | Shoals:4 | Identified the +8 chain mail of Usomaixt {rN+ Int+4}
 37522 | Shoals:4 | Got a barnacled rune of Zot
 37524 | Shoals:4 | Identified the staff "Ojikkow" {rC- rN+ Str+6 Dex-5 Necro
                  | Tmut}
 37545 | Shoals:4 | Identified the ring of Osuclel {Drain rPois rF+ rC+ Dex+3}
 37628 | Shoals:4 | Reached skill level 3 in Transmutations
 38050 | Vaults:1 | Entered Level 1 of the Vaults
 38051 | Vaults:1 | magus.rc [v1.9.6]
 38431 | Vaults:1 | Reached skill level 4 in Transmutations
 38444 | Vaults:1 | Gained mutation: You are completely covered in rugged brown
                  | scales. (AC +3, +7% HP) [demonic ancestry]
 38444 | Vaults:1 | Reached XP level 19. HP: 145/167 MP: 22/31
 38493 | Vaults:1 | Reached skill level 5 in Transmutations
 38522 | Vaults:1 | Reached skill level 14 in Shields
 38654 | Vaults:1 | You pick up a book of Spectacle and begin reading...
 38654 | Vaults:1 | You add the spells Volatile Blastmotes, Dazzling Flash,
                  | Starburst and Maxwell's Capacitive Coupling to your
                  | library.
 38671 | Vaults:1 | Reached skill level 6 in Transmutations
 38723 | Vaults:1 | Reached skill level 17 in Axes
 38809 | Vaults:1 | Reached skill level 7 in Transmutations
 39338 | Elf:1    | Entered Level 1 of the Elven Halls
 39455 | Elf:1    | Paralysed by an air elemental for 1 turns
 39489 | Elf:1    | Reached skill level 8 in Transmutations
 39543 | Elf:1    | Paralysed by an air elemental for 1 turns
 39632 | Elf:1    | Paralysed by an air elemental for 1 turns
 39644 | Elf:1    | Reached skill level 9 in Transmutations
 39733 | Elf:1    | Found a shimmering blue altar of Sif Muna.
 39901 | Elf:1    | You pick up a book of Frost and begin reading...
 40129 | Elf:2    | Found Hetrin's Magic Scroll Boutique.
 40135 | Elf:2    | Bought a scroll of revelation for 112 gold pieces
 40135 | Elf:2    | Bought a scroll of revelation for 112 gold pieces
 40135 | Elf:2    | Bought 2 scrolls of immolation for 120 gold pieces
 40168 | Elf:2    | Found Xoidin's Antique Armour Boutique.
 40207 | Elf:2    | Reached skill level 15 in Shields
 40237 | Elf:2    | Reached skill level 10 in Transmutations
 40430 | Elf:2    | Found a runed translucent gate.
 40435 | Elf:2    | Found a runed translucent gate.
 40543 | Elf:2    | Found a runed translucent gate.
 40733 | Elf:3    | Entered Level 3 of the Elven Halls
 40742 | Elf:3    | Paralysed by an air elemental for 1 turns
 41014 | Elf:3    | Noticed Zenata
 41039 | Elf:3    | Killed Zenata
 41158 | Elf:3    | Identified the beast talisman "Ulaam" {rF+ Str+2}
 41337 | Elf:3    | Reached skill level 10 in Conjurations
 41337 | Elf:3    | Reached XP level 20. HP: 167/168 MP: 23/32
 41521 | Elf:3    | Identified the ring of Rirheupt {rC+ Dex+3}
 41523 | Elf:3    | Reached skill level 11 in Dodging
 41873 | Elf:3    | Identified the +12 short sword of Ravage {protect, rPois
                  | rC+ Str+3 Dex-3}
 41874 | Elf:3    | Reached skill level 16 in Shields
 42088 | Elf:3    | You add the spells Sting and Olgreb's Toxic Radiance to
                  | your library.
 42191 | Elf:3    | Reached skill level 12 in Dodging
 42205 | Elf:3    | Got the Atlas of the Mortuary
 42220 | Elf:3    | You pick up a book of Spectacle and begin reading...
 42222 | Elf:3    | Identified the +4 dagger "Zyofus" {heavy, rPois Str+3
                  | Int+6}
 42252 | Elf:3    | You pick up a book of Dangerous Friends and begin
                  | reading...
 42254 | Elf:3    | Got the Almanac of Conflict
 42258 | Elf:3    | Identified the +4 sling of Uskayaw's Vengeance {freeze,
                  | rCorr MP+9 Str-4}
 42267 | Elf:3    | magus.rc [v1.9.6]
 42854 | Vaults:2 | Gained mutation: Your flesh is heat resistant. (rF+)
                  | [potion of mutation]
 42968 | Vaults:2 | Found a staircase to the Crypt.
 43184 | Vaults:2 | Reached skill level 13 in Dodging
 43963 | Vaults:3 | Reached skill level 14 in Dodging
 45380 | Vaults:4 | Reached skill level 15 in Dodging
 45386 | Vaults:4 | Gained mutation: Your presence sometimes corrodes or
                  | deforms those you injure. [demonic ancestry]
 45386 | Vaults:4 | Reached XP level 21. HP: 165/182 MP: 13/33
 45664 | Vaults:4 | You pick up a book of Burglary and begin reading...
 45664 | Vaults:4 | You add the spells Passwall, Ensorcelled Hibernation and
                  | Swiftness to your library.
 45873 | Vaults:4 | Reached skill level 16 in Dodging
 46682 | Depths:1 | Entered Level 1 of the Depths
 46685 | D:15     | magus.rc [v1.9.6]
 46869 | Depths:1 | Reached skill level 9 in Armour
 46911 | Depths:1 | Noticed an ancient lich
 46928 | Depths:1 | Killed an ancient lich
 47181 | Depths:1 | Reached skill level 17 in Fighting
 47363 | Depths:1 | Reached skill level 10 in Armour
 47555 | Depths:1 | Found a one-way gate leading to the halls of Pandemonium.
 47692 | Depths:1 | Found Noseir's Book Emporium.
 47692 | Depths:1 | Found Davosem's Jewellery Shop.
 47693 | Depths:1 | Found Ixkaul's Book Emporium.
 47750 | Depths:1 | Found a gateway to Hell.
 47778 | Depths:1 | Reached skill level 18 in Fighting
 48022 | Depths:2 | magus.rc [v1.9.6]
 48052 | Depths:2 | Reached XP level 22. HP: 167/189 MP: 16/34
 48076 | Depths:2 | magus.rc [v1.9.6]
 48318 | Depths:2 | Reached skill level 19 in Fighting
 48680 | Depths:2 | Got the Compendium of Death
 48948 | D:13     | You paid a toll of a +5 demon blade to enter a treasure
                  | trove
 48949 | Trove    | Entered a treasure trove
 48971 | Trove    | Identified the amulet of the Cursing Gods {Faith rElec rN+
                  | MP+9}
 48973 | Trove    | Identified the amulet "Jekkath" {RegenMP Fragile rF+ Will++
                  | MP+9}
 48975 | Trove    | Identified the amulet of Ehameem {Acrobat Dex+4}
 48996 | Trove    | You pick up a book of Storms and begin reading...
 48996 | Trove    | You add the spells Static Discharge and Airstrike to your
                  | library.
 48998 | Trove    | You add the spells Foxfire, Iskenderun's Mystic Blast and
                  | Eringya's Noxious Bog to your library.
 48998 | Trove    | Got Sif Muna's Almanac of Bright Composition
 49000 | Trove    | You add the spells Fulminant Prism and Anguish to your
                  | library.
 49000 | Trove    | Got the Directory of the Hornet and Imprecation
 49002 | Trove    | Got Sif Muna's Handbook of the Salvo
 49296 | Depths:3 | Noticed Boris
 49321 | Depths:3 | Killed Boris
 49427 | Depths:3 | Reached skill level 20 in Fighting
 49459 | Depths:3 | You pick up a book of Geomancy and begin reading...
 49459 | Depths:3 | You add the spells Sandblast and Stone Arrow to your
                  | library.
 49507 | Depths:3 | Got the Discursus on the Panacea and Portals
 49508 | Depths:3 | Identified the +10 whip of Aneiss {freeze, Dex+4}
 49849 | Depths:3 | Noticed Mara
 49858 | Depths:3 | Noticed MackTheKnife's illusion
 49987 | Depths:3 | Reached skill level 11 in Armour
 50403 | Depths:3 | Killed Mara
 50539 | Depths:4 | Entered Level 4 of the Depths
 50551 | Depths:4 | Reached skill level 12 in Armour
 50557 | Depths:4 | Reached skill level 1 in Invocations
 50559 | Depths:4 | Reached skill level 2 in Invocations
 50573 | Depths:4 | Reached skill level 3 in Invocations
 50590 | Depths:4 | Reached skill level 4 in Invocations
 50594 | Depths:4 | Reached skill level 5 in Invocations
 50614 | Depths:4 | Reached skill level 6 in Invocations
 50875 | Depths:4 | Reached skill level 7 in Invocations
 50888 | Depths:4 | Reached skill level 8 in Invocations
 50924 | Depths:4 | Reached skill level 9 in Invocations
 50968 | Depths:4 | You add the spells Gell's Gravitas and Dispersal to your
                  | library.
 51045 | Depths:4 | Noticed a juggernaut
 51062 | Depths:4 | Killed a juggernaut
 51138 | Depths:4 | Found a one-way gateway to a ziggurat.
 51175 | Depths:4 | Reached skill level 10 in Invocations
 51183 | Depths:4 | Gained mutation: You are completely covered in sharp
                  | spines. [demonic ancestry]
 51183 | Depths:4 | Reached XP level 23. HP: 179/181 MP: 28/35
 51187 | Depths:4 | Found a shadowy altar of Dithmenos.
 51195 | Depths:4 | Noticed Jory
 51216 | Depths:4 | Killed Jory
 51300 | Depths:4 | You pick up a book of Beasts and begin reading...
 51417 | Depths:4 | Found Niphapil's General Store.
 51421 | Depths:4 | Found Fezakh's Specific Store.
 51431 | Depths:4 | Bought a potion of invisibility for 160 gold pieces
 51493 | Depths:4 | Reached skill level 11 in Invocations
 51507 | Depths:4 | Found a gate to the Realm of Zot.
 51526 | Depths:4 | Identified +0 gold dragon scales
 51546 | Depths:4 | Reached skill level 12 in Invocations
 51623 | Depths:4 | Identified the +0 pair of gloves of Gluttony {rF+ Dex+3}
 52144 | Vaults:5 | Entered Level 5 of the Vaults
 52155 | Vaults:5 | Reached skill level 14 in Invocations
 52214 | Vaults:5 | Noticed a dread lich
 52222 | Vaults:5 | Killed a dread lich
 52223 | Vaults:5 | Reached skill level 15 in Invocations
 52236 | Vaults:5 | Identified the +11 great mace of the Undead {venom, Stlth+}
 52267 | Vaults:5 | Got the Vellum of Damage
 52341 | Vaults:5 | Q - quicksilver dragon scales {rare}
 52342 | Vaults:5 | You drop quicksilver dragon scales {rare}.
 52430 | Vaults:5 | Reached skill level 16 in Invocations
 52656 | Vaults:5 | You pick up a book of Frost and begin reading...
 52657 | Vaults:5 | Identified the +0 falchion "Waux" {distort, rN+}
 52660 | Vaults:5 | Identified the +6 war axe of Equilibrium {venom, Will+}
 52665 | Vaults:5 | Identified a scroll of acquirement
 52665 | Vaults:5 | Acquired 668 gold pieces
 52670 | Vaults:5 | Identified the ring of Kicog {rF++ rC+ Int-3 Dex+6 Stlth+}
 52748 | Vaults:5 | Reached skill level 17 in Invocations
 52786 | Vaults:5 | Identified the +0 plate armour of Yliatab {rF+ Dex+4
                  | Slay-3}
 52787 | Vaults:5 | Reached skill level 18 in Invocations
 52949 | Vaults:5 | You pick up a book of Callings and begin reading...
 53103 | Vaults:5 | Identified the +2 mace "Xyampiph" {freeze, rElec rPois rC-
                  | Int+7}
 53362 | Vaults:5 | Reached skill level 19 in Invocations
 53492 | Vaults:5 | Noticed a dread lich
 53743 | Vaults:5 | You pick up a book of Callings and begin reading...
 53759 | Vaults:5 | Identified the +2 great sword "Utzonw Mohi" {holy, Str+2}
 53862 | Vaults:5 | Identified the amulet of Penwax {Faith rPois rC+}
 53896 | Vaults:5 | Paralysed by a dread lich for 4 turns
 53906 | Vaults:5 | Killed a dread lich
 53981 | Vaults:5 | Got a silver rune of Zot
 54039 | Vaults:5 | You pick up a book of Power and begin reading...
 54464 | Depths:4 | +0 shadow dragon scales {rare}; a +2 arbalest of draining
                  | {crossbow}
 54475 | Zot:1    | Entered Level 1 of the Realm of Zot
 54503 | Zot:1    | Reached skill level 20 in Invocations
 54513 | Zot:1    | Reached XP level 24. HP: 203/218 MP: 34/37
 54619 | Zot:2    | Identified +0 gold dragon scales
 54718 | Zot:3    | Reached skill level 13 in Armour
 54788 | Zot:3    | Identified +0 gold dragon scales
 54789 | Zot:3    | Reached skill level 14 in Armour
 54955 | Zot:4    | Noticed a Killer Klown
 54955 | Zot:4    | Noticed an ancient lich
 54988 | Zot:4    | Noticed a Killer Klown
 55015 | Zot:3    | Killed an ancient lich
 55083 | Zot:3    | Killed a Killer Klown
 55130 | Zot:4    | Killed a Killer Klown
 55131 | Zot:4    | Reached skill level 15 in Armour
 55186 | Zot:5    | Entered Level 5 of the Realm of Zot
 55218 | Zot:5    | +0 storm dragon scales {rare}; a storm dragon corpse
 55232 | Zot:5    | Noticed an ancient lich
 55233 | Zot:5    | Noticed a dread lich
 55235 | Zot:5    | Noticed a dread lich
 55235 | Zot:5    | Noticed a dread lich
 55235 | Zot:5    | Noticed an orb of fire
 55235 | Zot:5    | Noticed a Killer Klown
 55235 | Zot:5    | Noticed an orb of fire
 55235 | Zot:5    | Noticed a Killer Klown
 55235 | Zot:5    | Noticed a curse toe
 55235 | Zot:5    | Noticed an electric golem
 55235 | Zot:5    | Gained mutation: You are somewhat resistant to further
                  | mutation. [an orb of fire]
 55239 | Zot:5    | Got the Orb of Zot
 55240 | Zot:5    | Noticed a Killer Klown
 55241 | Zot:5    | Noticed a Killer Klown
 55242 | Zot:5    | Noticed an orb of fire
 55242 | Zot:5    | Noticed an electric golem
 55242 | Zot:5    | Noticed a Killer Klown
 55245 | Zot:5    | Noticed a Killer Klown
 55246 | Zot:5    | Noticed a Killer Klown
 55252 | Zot:5    | Noticed an ancient lich
 55257 | Zot:5    | Noticed an ancient lich
 55258 | Zot:5    | Noticed a Killer Klown
 55264 | Zot:5    | HP: 52/218 [storm dragon/bolt of lightning (8)]
 55430 | Depths:4 | Noticed Bejeun the pandemonium lord
 55538 | Depths:1 | Noticed Parat the pandemonium lord
 55557 | Depths:1 | Reached skill level 16 in Armour
 55559 | Depths:1 | Killed Parat the pandemonium lord
 55921 | D:$      | Escaped with the Orb!

Vanquished Creatures
  2 dread liches (Vaults:5)
  Mara (Depths:3)
  2 ancient liches
  A juggernaut (Depths:4)
  Boris (Depths:3)
  2 Killer Klowns
  Saint Roka (Orc:2)
  6 golden dragons
  A pandemonium lord (Depths:1)
  Jory (Depths:4)
  4 tentacled monstrosities
  A walking crystal tome (Depths:3)
  A Tzitzimitl (Depths:4)
  Zenata (Elf:3)
  An Ice Fiend (Depths:1)
  A walking earthen tome (Depths:3)
  3 Orb Guardians
  5 liches
  5 deep elf blademasters (Elf:3)
  4 deep elf master archers (Elf:3)
  A walking frostbound tome (Depths:3)
  9 sphinxes
  2 quicksilver dragons
  7 titans
  2 krakens
  2 death cobs
  An ancient champion (Vaults:2)
  Gastronok (D:10)
  5 tengu reavers
  5 storm dragons
  6 shadow dragons
  7 nagarajas
  11 fire giants
  2 draconian knights
  An iron dragon (Vaults:5)
  4 frost giants
  6 deep elf elementalists
  A balrug (Depths:2)
  12 vault wardens
  A draconian scorcher (Depths:4)
  4 deep elf sorcerers
  2 ghost moths (Zot:3)
  19 ironbound preservers
  3 war gargoyles
  9 spriggan defenders
  3 orc warlords
  11 stone giants
  17 very ugly things
  The ghost of Kusiby the Thaumaturge, a journeyman GrEE of Vehumet (D:15)
  2 vampire knights
  2 formless jellyfish
  A green draconian (Zot:3)
  3 minotaurs (Shoals:4)
  3 deep elf demonologists
  2 white draconians
  The ghost of cheburek the Covert, a journeyman KoEn of Uskayaw (Lair:5)
  5 black draconians
  10 deep elf annihilators
  4 dire elephants (Vaults:1)
  A yellow draconian (Zot:3)
  7 spark wasps
  The ghost of Tutoepidd the Arsonist, a journeyman DrFE of Vehumet (Lair:3)
  6 red draconians
  4 purple draconians
  10 ettins
  Snorg (D:10)
  A blizzard demon (D:15)
  A crystal guardian (Vaults:3)
  6 deep elf death magi
  3 deep elf high priests
  2 merfolk javelineers
  2 entropy weavers (Vaults:5)
  Josephine (D:10)
  3 merfolk impalers
  10 ice dragons
  14 yaktaur captains
  3 jiangshi
  4 fire dragons
  2 spriggan zombies (Depths:1)
  9 great orbs of eyes
  Harold (D:9)
  4 hydras
  3 peacekeepers
  8 salamander tyrants
  27 vault guards (Vaults:5)
  A rakshasa (Depths:1)
  12 anacondas
  3 spriggan air magi
  3 catoblepae (Lair:5)
  12 centaur warriors
  9 ironbound frosthearts
  2 death knights (D:15)
  14 dancing weapons
  A merfolk aquamancer (Shoals:2)
  3 boulder beetles
  4 alligator snapping turtles
  15 satyrs (Shoals:4)
  5 merfolk avatars
  7 deep troll shamans
  16 naga warriors
  A sphinx skeleton (Vaults:2)
  9 death yaks
  2 two-headed ogres
  6 tengu warriors
  5 vampire magi (Depths:1)
  An occultist (Depths:3)
  10 deep troll earth magi
  11 shock serpents
  An orc high priest (Orc:2)
  18 naga sharpshooters
  8 spriggan berserkers
  A soul eater (Depths:2)
  11 deep elf knights
  18 hell knights
  A sun demon (Depths:2)
  6 spriggans
  A fire crab (Lair:4)
  6 iron trolls
  9 skeletal warriors
  4 skysharks
  3 glowing orange brains
  A sea snake (shapeshifter) (Vaults:5)
  16 salamander mystics
  2 spark wasp zombies (Depths:1)
  10 flayed ghosts
  10 sea snakes
  A swamp dragon (shapeshifter) (Vaults:5)
  2 shadow demons
  67 deep trolls
  5 naga ritualists
  A swamp dragon (D:14)
  An orange crystal statue (Snake:1)
  A deep troll (shapeshifter) (Vaults:5)
  17 harpies
  10 phantasmal warriors
  5 arcanists
  19 deep elf archers
  10 lindwurms
  4 necromancers
  11 orc knights
  32 deep elf pyromancers
  25 deep elf zephyrmancers
  9 ironbound convokers
  A shining eye (shapeshifter) (Vaults:5)
  24 manticores
  8 moths of wrath
  3 orc sorcerers
  52 ugly things
  15 mana vipers
  7 cyclopes
  A shadow dragon skeleton (Vaults:2)
  A faun (shapeshifter) (Vaults:5)
  12 fauns
  5 human skeletons
  31 salamanders
  An elephant (shapeshifter) (Vaults:5)
  A fire giant skeleton (Vaults:2)
  A stone giant skeleton (Vaults:2)
  8 merfolk sirens
  A frost giant skeleton (Vaults:2)
  9 guardian serpents
  4 elephants (Lair:4)
  46 black mambas
  2 smoke demons (Depths:4)
  An ice statue (D:13)
  17 naga magi
  2 torpor snails (Lair:5)
  20 vault sentinels
  A gargoyle (D:11)
  Psyche (D:9)
  12 cane toads
  2 hellions (Depths:2)
  3 water nymphs
  4 rime drakes
  10 komodo dragons
  32 yaktaurs
  3 ice devils
  2 tengu conjurers (D:15)
  4 hellwings
  A yaktaur skeleton (Vaults:1)
  2 freezing wraiths
  5 trolls
  22 merfolk
  A red devil (Depths:1)
  A tyrant leech (shapeshifter) (Vaults:5)
  A tengu simulacrum (Vaults:1)
  Prince Ribbit (D:9)
  A raiju (shapeshifter) (D:15)
  A wolf spider simulacrum (D:15)
  A meliai (D:13)
  A tarantella (Vaults:4)
  9 hornets
  3 dream sheep (shapeshifter)
  13 blink frogs
  4 wind drakes
  20 dream sheep
  2 fire giant simulacra (Vaults:1)
  7 snapping turtles
  4 centaur simulacra (D:15)
  20 slime creatures
  5 air elementals
  10 water elementals
  A ynoxinul (Depths:2)
  A shadow (D:11)
  52 yaks
  6 wraiths
  A vampire (D:13)
  5 wyverns
  3 steam dragons
  4 elf skeletons (Vaults:2)
  Grum (D:10)
  6 basilisks
  3 fire elementals
  A human (shapeshifter) (Elf:3)
  3 fire bats (Depths:2)
  A redback (shapeshifter) (Vaults:5)
  7 vampire mosquitoes
  4 redbacks
  8 wargs
  A harpy simulacrum (D:15)
  2 swamp worms (D:7)
  48 nagas
  Duvessa (D:6)
  11 water moccasins
  4 acid dragons
  2 glowing shapeshifter skeletons (Vaults:2)
  33 orc warriors
  3 sky beasts
  2 black bears (Lair:3)
  An ice beast (Vaults:1)
  9 centaurs
  9 wolves
  8 ogres
  2 phantoms (D:5)
  5 kobold brigands
  Blork the orc (D:5)
  A bullfrog (shapeshifter) (D:15)
  18 bullfrogs
  2 gnoll sergeants
  11 scorpions
  An earth elemental (Elf:3)
  Dowan (D:6)
  2 howler monkeys
  2 electric eels (Lair:2)
  A human simulacrum (Vaults:1)
  3 human zombies (Ossuary)
  A gnoll bouda (D:4)
  16 orc priests
  4 jellies
  27 orc wizards
  2 scorpion zombies (Ossuary)
  Terence (D:2)
  Ijyb (D:4)
  4 iguanas
  3 sleepcaps
  3 boggart simulacra (D:15)
  3 mummies (Ossuary)
  11 gnolls
  7 adders
  A white imp (D:6)
  2 ufetubi (D:6)
  A worm (D:2)
  2 dart slugs
  70 orcs
  3 bats
  10 endoplasms
  3 giant cockroaches
  7 goblins
  8 hobgoblins
  10 jackals
  20 kobolds
  11 ball pythons
  2 frilled lizards (D:1)
  A gnoll zombie (Ossuary)
  3 goblin zombies (Ossuary)
  A hobgoblin zombie (Ossuary)
  A kobold zombie (Ossuary)
  3 orc zombies (Ossuary)
  2 rats
  3 tentacles (Shoals:3)
1884 creatures vanquished.

Vanquished Creatures (others)
  A storm dragon (Depths:4)
  A war gargoyle (Vaults:4)
  A fire dragon (Depths:3)
  An entropy weaver (Vaults:4)
  A hydra (D:14)
  2 naga warriors
  2 deep elf knights
  An orc knight (Orc:2)
  An arcanist (D:3)
  2 deep elf pyromancers
  A cyclops (D:14)
  An ugly thing (D:14)
  A black mamba (Snake:1)
  A yaktaur (Vaults:3)
  A merfolk (Shoals:3)
  A wraith (D:11)
  A wyvern (Lair:2)
  A vampire mosquito (D:15)
  A chaos spawn (Depths:2)
  A naga (Snake:1)
  An orc warrior (Orc:2)
  A wolf (D:10)
  A centaur (D:6)
  An orc wizard (D:4)
  5 tentacles
32 creatures vanquished.

Grand Total: 1916 creatures vanquished

Table legend:
 A = Non-vault XP
 B = Vault XP
 C = Vault XP percentage of total XP
 D = Non-vault monster count
 E = Vault monster count
 F = Vault count percentage of total count
                 A         B        C        D         E       F
            +---------+---------+-------+---------+---------+-------
      Total |  541232 |  495695 |  47.8 |    1196 |     691 |  36.6
            +---------+---------+-------+---------+---------+-------
        D:1 |      48 |       0 |   0.0 |      28 |       0 |   0.0
        D:2 |      58 |      36 |  38.3 |      18 |       1 |   5.3
        D:3 |     126 |      15 |  10.6 |      21 |       2 |   8.7
        D:4 |     354 |     146 |  29.2 |      22 |       6 |  21.4
        D:5 |     645 |     203 |  23.9 |      16 |       3 |  15.8
        D:6 |    1114 |     225 |  16.8 |      28 |       2 |   6.7
        D:7 |     760 |     325 |  30.0 |      20 |       2 |   9.1
        D:8 |    1737 |      90 |   4.9 |      18 |       1 |   5.3
        D:9 |    2128 |    1670 |  44.0 |      11 |       5 |  31.2
       D:10 |    1880 |    3839 |  67.1 |      17 |       8 |  32.0
       D:11 |    2273 |    1174 |  34.1 |      11 |      11 |  50.0
       D:12 |    2178 |    1417 |  39.4 |       4 |      18 |  81.8
       D:13 |    7080 |    7485 |  51.4 |      13 |      10 |  43.5
       D:14 |   12334 |    1568 |  11.3 |      26 |       4 |  13.3
       D:15 |   14419 |    9688 |  40.2 |      33 |      22 |  40.0
     Lair:1 |    1017 |    1048 |  50.8 |       5 |       4 |  44.4
     Lair:2 |    6162 |     477 |   7.2 |      31 |       3 |   8.8
     Lair:3 |    8562 |    5261 |  38.1 |      35 |      11 |  23.9
     Lair:4 |    6833 |     941 |  12.1 |      24 |       5 |  17.2
     Lair:5 |    6990 |   13064 |  65.1 |      21 |      24 |  53.3
   Shoals:1 |   11696 |       0 |   0.0 |      21 |       0 |   0.0
   Shoals:2 |   21246 |       0 |   0.0 |      45 |       0 |   0.0
   Shoals:3 |   16805 |    2047 |  10.9 |      33 |       5 |  13.2
   Shoals:4 |    8227 |   28996 |  77.9 |      15 |      41 |  73.2
    Snake:1 |   20948 |    7015 |  25.1 |      44 |       9 |  17.0
    Snake:2 |   27179 |    6727 |  19.8 |      55 |      10 |  15.4
    Snake:3 |   11077 |    2707 |  19.6 |      22 |       5 |  18.5
    Snake:4 |   25483 |   35886 |  58.5 |      52 |      52 |  50.0
      Orc:1 |    2283 |       0 |   0.0 |      24 |       0 |   0.0
      Orc:2 |    2110 |    8307 |  79.7 |      33 |      31 |  48.4
      Elf:1 |   14129 |    8587 |  37.8 |      24 |      14 |  36.8
      Elf:2 |   16514 |    3298 |  16.6 |      28 |       4 |  12.5
      Elf:3 |   19174 |   41888 |  68.6 |      35 |      38 |  52.1
   Vaults:1 |   37160 |   11800 |  24.1 |      54 |      22 |  28.9
   Vaults:2 |    5587 |   22017 |  79.8 |      11 |      34 |  75.6
   Vaults:3 |   24764 |   11060 |  30.9 |      40 |      17 |  29.8
   Vaults:4 |   19526 |   24931 |  56.1 |      28 |      36 |  56.2
   Vaults:5 |   31604 |   93853 |  74.8 |      48 |      86 |  64.2
   Depths:1 |   27387 |   40315 |  59.5 |      34 |      40 |  54.1
   Depths:2 |   33047 |   10033 |  23.3 |      46 |      16 |  25.8
   Depths:3 |   23174 |   35977 |  60.8 |      30 |      29 |  49.2
   Depths:4 |   38529 |   25582 |  39.9 |      50 |      20 |  28.6
      Zot:1 |    9458 |       0 |   0.0 |       9 |       0 |   0.0
      Zot:2 |    2069 |       0 |   0.0 |       1 |       0 |   0.0
      Zot:3 |    9616 |   21399 |  69.0 |       7 |      16 |  69.6
      Zot:4 |       0 |    3864 | 100.0 |       0 |       2 | 100.0
      Zot:5 |    5742 |       0 |   0.0 |       5 |       0 |   0.0
    Ossuary |       0 |     734 | 100.0 |       0 |      22 | 100.0
            +---------+---------+-------+---------+---------+-------

Skill      XL: |  1  2  3  4  5  6  7  8  9 10 11 12 13 14 15 16 17 18 19 20 21 22 23 24 |
---------------+-------------------------------------------------------------------------+-----
Polearms       | 2 |  2.4
Fighting       | 3 4 5 6 8 9 10 14 16 18 20 | 20.0
Evocations     | 1 3 0 |  0.0
Dodging        | 2 7 8 10 15 16 | 16.0
Spellcasting   | 4 6 8 |  8.0
Ice Magic      | 6 8 9 |  9.0
Conjurations   | 2 6 9 10 | 10.0
Axes           | 1 9 13 16 17 | 17.3
Shields        | 1 6 11 13 15 16 | 16.0
Armour         | 7 8 10 12 16 | 16.3
Air Magic      | 5 9 |  9.0
Transmutations | 4 10 | 10.0
Invocations    | 10 20 | 20.1
Throwing       | |  0.8
Translocations | |  2.6

Action                     |  1- 3 |  4- 6 |  7- 9 | 10-12 | 13-15 | 16-18 | 19-21 | 22-24 || total
---------------------------+-------+-------+-------+-------+-------+-------+-------+-------++-------
  Melee: Spear             |    83 |       |       |       |       |       |       |       ||    83
         Dagger            |    53 |   194 |   506 |   246 |       |       |       |       ||   999
         Kick              |    19 |    51 |   188 |   140 |   235 |   382 |   603 |   546 ||  2164
         Punch             |     1 |     4 |     6 |     7 |       |       |       |       ||    18
         War axe           |       |       |       |   179 |   714 |   917 |  1244 |  1056 ||  4110
  Throw: Dart              |       |       |    17 |       |       |       |       |       ||    17
   Cast: Frozen Ramparts   |       |       |       |     1 |       |       |       |       ||     1
         Freezing Cloud    |       |       |       |       |       |    68 |    36 |    24 ||   128
         Wereblood         |       |       |       |       |       |     1 |    21 |    13 ||    35
         Hailstorm         |       |       |       |       |       |     1 |       |       ||     1
         Irradiate         |       |       |       |       |       |       |     2 |     8 ||    10
 Invoke: Sacrifice Artific |       |       |     1 |       |       |       |       |       ||     1
         Draw Out Power    |       |       |     1 |     2 |     4 |     3 |       |     6 ||    16
         Sacrifice Courage |       |       |     1 |       |       |       |       |       ||     1
         Sacrifice Love    |       |       |       |     1 |       |       |       |       ||     1
         Sacrifice Stealth |       |       |       |     1 |       |       |       |       ||     1
         Apocalypse        |       |       |       |     3 |     6 |     6 |     6 |     6 ||    27
         Reject Sacrifices |       |       |       |     1 |     1 |     2 |     1 |       ||     5
         Power Leap        |       |       |       |       |       |       |       |     1 ||     1
  Evoke: Wand              |       |     5 |     1 |       |       |       |       |       ||     6
    Use: Scroll            |     1 |     4 |    17 |     2 |     8 |     9 |     5 |    30 ||    76
         Potion            |       |     1 |     8 |     1 |     2 |     2 |     1 |    26 ||    41
   Stab: Distracted        |       |       |     1 |     4 |     6 |    12 |     4 |     4 ||    31
         Invisible         |       |       |       |     5 |    11 |     8 |     7 |     6 ||    37
         Paralysed         |       |       |       |     1 |     5 |    15 |     8 |    12 ||    41
         Petrified         |       |       |       |       |     5 |       |       |       ||     5
 Armour: Leather armour    |    60 |   123 |   297 |       |       |       |       |       ||   480
         Steam dragon scal |       |       |     6 |   216 |    16 |       |       |       ||   238
         Skin              |       |       |       |     4 |       |       |       |       ||     4
         Ring mail         |       |       |       |       |   315 |   477 |   352 |   472 ||  1616
  Dodge: Dodged            |    91 |    93 |   338 |   291 |   318 |   413 |   364 |   468 ||  2376
  Block: Buckler           |       |       |       |    35 |   131 |   288 |       |       ||   454
         Reflection        |       |       |       |       |       |    70 |   107 |     1 ||   178
         Kite shield       |       |       |       |       |       |   242 |   892 |   691 ||  1825

Illustrated notes

Table legend:
 A = Kills in this place as a percentage of kills in the entire game.
 B = Kills by you in this place as a percentage of kills by you in the entire game.
 C = Kills by friends in this place as a percentage of kills by friends in the entire game.
 D = Other kills in this place as a percentage of other kills in the entire game.
 E = Experience gained in this place as a percentage of experience gained in the entire game.
 F = Experience gained in this place divided by the number of levels of this place that you have seen.
                   A       B       C       D       E      F
               +-------+-------+-------+-------+-------+----------------------
         Total | 100.0 | 100.0 |   N/A | 100.0 | 100.0 | 20655.2
       Dungeon |  20.3 |  20.1 |   N/A |  31.8 |   7.7 | 5405.3
          Lair |   8.6 |   8.6 |   N/A |   4.5 |   4.8 | 10071.0
        Shoals |   8.4 |   8.5 |   N/A |   4.5 |   8.5 | 22254.2
     Snake Pit |  13.1 |  13.0 |   N/A |  18.2 |  13.0 | 34255.5
  Orcish Mines |   4.6 |   4.6 |   N/A |   9.1 |   1.2 | 6350.0
   Elven Halls |   7.5 |   7.5 |   N/A |   9.1 |   9.8 | 34530.0
        Vaults |  19.8 |  19.9 |   N/A |  13.6 |  26.8 | 56460.4
        Depths |  14.5 |  14.5 |   N/A |   9.1 |  23.2 | 61116.2
           Zot |   2.1 |   2.1 |   N/A |   0.0 |   5.0 | 10429.6
       Ossuary |   1.2 |   1.2 |   N/A |   0.0 |   0.1 | 734.0
               +-------+-------+-------+-------+-------+----------------------

Table legend: (Time is in decaauts)
 A = Elapsed time spent in this place.
 B = Non-inter-level travel time spent in this place.
 C = Inter-level travel time spent in this place.
 D = Time resting spent in this place.
 E = Time spent auto-exploring this place.
 F = Levels seen in this place.
 G = Mean time per level.
                   A        B        C        D        E       F      G
               +--------+--------+--------+--------+--------+-----+--------+
         Total |  55255 |  50978 |   4277 |   9911 |  30360 |  51 | 1083.4 |
       Dungeon |  19363 |  17978 |   1385 |   5064 |   9946 |  15 | 1290.9 |
        Temple |     22 |     13 |      9 |      0 |      0 |   1 |   22.0 |
          Lair |   6090 |   5672 |    418 |    734 |   4146 |   5 | 1218.0 |
        Shoals |   4643 |   4503 |    140 |    867 |   2658 |   4 | 1160.8 |
     Snake Pit |   6493 |   6078 |    415 |   1117 |   3714 |   4 | 1623.2 |
  Orcish Mines |   1473 |   1253 |    220 |    142 |    824 |   2 |  736.5 |
   Elven Halls |   2979 |   2786 |    193 |    321 |   1699 |   3 |  993.0 |
        Vaults |   7119 |   6550 |    569 |    604 |   4393 |   5 | 1423.8 |
        Depths |   5202 |   4421 |    781 |    562 |   2586 |   4 | 1300.5 |
           Zot |    860 |    717 |    143 |    270 |      0 |   5 |  172.0 |
        Bazaar |     79 |     79 |      0 |      0 |     31 |   1 |   79.0 |
         Trove |    155 |    155 |      0 |      0 |     80 |   1 |  155.0 |
       Ossuary |    772 |    772 |      0 |    228 |    281 |   1 |  772.0 |
               +--------+--------+--------+--------+--------+-----+--------+

Top non-repeatable levels by time:
     D:6: 2214 daAuts
 Snake:4: 2160 daAuts
Vaults:5: 1883 daAuts
Depths:1: 1816 daAuts
    D:15: 1657 daAuts
     D:5: 1587 daAuts
  Lair:2: 1528 daAuts
     D:7: 1513 daAuts
   Elf:3: 1505 daAuts
Vaults:3: 1504 daAuts
 Snake:3: 1493 daAuts
 Snake:2: 1428 daAuts
Vaults:2: 1423 daAuts
Depths:3: 1415 daAuts
 Snake:1: 1411 daAuts
